 Dungeon Crawl Stone Soup version 0.23.2-1-ga50397a (webtiles) character file.

Game seed: 11118849669522220210

761 SidEye the Fighter (level 7, -2/62 HPs)
             Began as a Merfolk Berserker on May 13, 2019.
             Was a Priest of Trog.
             Slain by a gnoll sergeant
             ... wielding a +3 spear of freezing
              (5 damage)
             ... on level 6 of the Dungeon on May 14, 2019.
             The game lasted 00:17:47 (5201 turns).

SidEye the Fighter (Merfolk Berserker)              Turns: 5201, Time: 00:17:48

Health: -2/62      AC:  5    Str: 17    XL:     7   Next: 80%
Magic:  7/7        EV: 18    Int:  6    God:    Trog [***...]
Gold:   160        SH:  0    Dex: 16    Spells: 6/6 levels left

rFire    . . .     SeeInvis .   a - +0 falchion
rCold    . . .     Gourm    .   (no shield)
rNeg     . . .     Faith    .   p - +0 ring mail
rPois    .         Spirit   .   (no helmet)
rElec    .         Reflect  .   (no cloak)
rCorr    .         Harm     .   (no gloves)
MR       .....                  (no boots)
Stlth    +.........             (no amulet)
HPRegen  0.20/turn              l - +3 ring of evasion
MPRegen  0.10/turn              (no ring)

@: berserk cooldown, slowed, very slow
A: change form in water, swift swim, stealthy swim
a: Berserk, Trog's Hand, Renounce Religion


You were on level 6 of the Dungeon.
You worshipped Trog.
Trog was most pleased with you.
You were not hungry.

You visited 1 branch of the dungeon, and saw 6 of its levels.

You collected 160 gold pieces.

Inventory:

Hand Weapons
 a - a +0 falchion (weapon)
Armour
 p - a +0 ring mail (worn)
Jewellery
 l - a +3 ring of evasion (left hand)
Scrolls
 e - a scroll of fear {unknown}
 f - a scroll of identify
 h - a scroll of blinking {unknown}
 i - 3 scrolls of teleportation
 j - 3 scrolls of remove curse
 k - a scroll of noise {unknown}
 n - a scroll of magic mapping
 q - a scroll of enchant armour {unknown}
Potions
 b - 2 potions of agility {unknown}
 d - a potion of berserk rage
 g - a potion of haste {unknown}
 m - 2 potions of degeneration {unknown}
Comestibles
 c - 2 rations


   Skills:
 * Level 8.2 Fighting
 - Level 3.2 Long Blades
 - Level 1.3 Armour
 + Level 6.8 Dodging


You had 6 spell levels left.
You didn't know any spells.
Your spell library was empty.

Dungeon Overview and Level Annotations

Branches:
Dungeon (5/15)             Temple (0/1) D:6

Altars:
Elyvilon
Gozag
Zin


Message History

* * * LOW HITPOINT WARNING * * *
The gnoll shaman hits you but does no damage.
The gnoll sergeant barely misses you. The gnoll shaman closely misses you.
You completely miss the gnoll shaman.
The gnoll shaman is lightly wounded.
The gnoll sergeant completely misses you.
The gnoll shaman closely misses you.
You riposte.
You closely miss the gnoll shaman.
The gnoll shaman is lightly wounded.
The gnoll sergeant hits you from afar with a +3 spear of freezing.
* * * LOW HITPOINT WARNING * * *
The gnoll sergeant freezes you.
* * * LOW HITPOINT WARNING * * *
You hit the gnoll shaman but do no damage.
The gnoll shaman is lightly wounded.
The gnoll shaman closely misses you.
You riposte.
You hit the gnoll shaman but do no damage.
The gnoll shaman is lightly wounded.
The gnoll sergeant hits you from afar with a +3 spear of freezing.
You die...

#####++ ......g
....... .g....g
..... ##gg##
#.ggg#######
+.ggggg@...+
#..gg#######
####''g'########
.....
................
≈≈≈≈≈
≈≈≈≈....≈≈≈≈≈≈≈≈
≈≈≈≈≈
≈≈≈≈....≈≈≈≈≈≈≈≈
≈≈≈≈≈
≈≈≈≈....≈≈≈≈≈≈≈≈
.....
................
...
................


You could see a gnoll sergeant, 2 gnoll shamans and 8 gnolls.

Vanquished Creatures
  Grinder (D:6)
  A phantom (D:4)
  2 bullfrogs (D:6)
  A hound (D:6)
  An orc priest (D:6)
  2 orc wizards
  A gnoll shaman (D:6)
  A worker ant (D:6)
  3 gnolls (D:6)
  4 adders (D:3)
  2 oozes (D:1)
  A worm (D:2)
  A dart slug (D:2)
  2 leopard geckos (D:2)
  6 orcs
  8 bats
  3 giant cockroaches
  8 hobgoblins
  9 jackals
  2 quokkas
  11 frilled lizards
  11 goblins
  6 kobolds
  10 rats
97 creatures vanquished.

Notes
Turn   | Place    | Note
-------+----------+-------------------------------------------
     0 | D:1      | SidEye the Merfolk Berserker began the quest for the Orb.
     0 | D:1      | Reached XP level 1. HP: 18/18 MP: 1/1
   354 | D:1      | Reached XP level 2. HP: 14/25 MP: 2/2
   834 | D:1      | Reached skill level 4 in Fighting
   849 | D:1      | You fall through a shaft!
   850 | D:2      | Reached XP level 3. HP: 24/30 MP: 3/3
   869 | D:2      | Reached ** piety under Trog
  1076 | D:2      | HP: 1/31 [goblin (2)]
  1085 | D:1      | HP: 2/46 [rat (1)]
  2093 | D:2      | Reached XP level 4. HP: 26/38 MP: 4/4
  2443 | D:2      | Found a glowing silver altar of Zin.
  2443 | D:2      | Found an opulent altar of Gozag.
  2909 | D:3      | Reached skill level 5 in Fighting
  3017 | D:3      | Reached *** piety under Trog
  3175 | D:3      | Found a white marble altar of Elyvilon.
  3342 | D:3      | Reached XP level 5. HP: 23/44 MP: 5/5
  3773 | D:4      | Noticed a phantom
  3873 | D:5      | Entered Level 5 of the Dungeon
  4162 | D:4      | Killed a phantom
  4162 | D:4      | Reached skill level 6 in Fighting
  4162 | D:4      | Reached skill level 5 in Dodging
  4162 | D:4      | Reached XP level 6. HP: 13/52 MP: 6/6
  4397 | D:4      | You fall through a shaft for 2 floors!
  4560 | D:6      | Found a staircase to the Ecumenical Temple.
  4804 | D:6      | Noticed Grinder
  4814 | D:6      | Reached skill level 7 in Fighting
  4816 | D:6      | Reached XP level 7. HP: 60/60 MP: 7/7
  4818 | D:6      | Paralysed by Grinder for 6 turns
  4829 | D:6      | Paralysed by Grinder for 6 turns
  4838 | D:6      | Killed Grinder
  4867 | D:6      | Reached skill level 8 in Fighting
  5200 | D:6      | HP: 3/62 [gnoll sergeant/+3 spear of freezing (2)]
  5201 | D:6      | Slain by a gnoll sergeant

Skill      XL: |  1  2  3  4  5  6  7 |
---------------+----------------------+-----
Dodging        | 3 4 5 6 |  6.8
Fighting       | 4 5 6 7 8 |  8.2
Long Blades    | |  3.2
Armour         | |  1.3

Action                   |  1- 3 |  4- 6 |  7- 9 || total
-------------------------+-------+-------+-------++-------
Melee: Falchion          |   113 |   210 |    36 ||   359
Invok: Berserk           |     1 |     3 |     1 ||     5
       Trog's Hand       |       |     1 |       ||     1
  Use: Scroll            |     1 |     3 |     1 ||     5
       Potion            |       |     4 |       ||     4
 Stab: Sleeping          |     3 |       |       ||     3
  Eat: Ration            |     2 |     2 |     1 ||     5
       Chunk             |       |     3 |       ||     3
Armor: Animal skin       |    12 |       |       ||    12
       Ring mail         |       |    57 |     8 ||    65
       Leather armour    |       |     7 |       ||     7
Dodge: Dodged            |   107 |   202 |    44 ||   353
       Rpst.: Falchion   |    30 |    58 |    10 ||    98
